 Dungeon Crawl Stone Soup version 0.30-a0-737-gf23d94013f (webtiles) character file.

Game seed: 6515739155049299124

7 sircluck the Trooper (level 2, -1/27 HPs)
             Began as a Hill Orc Fighter on Feb 1, 2023.
             Slain by a jackal (3 damage)
             ... on level 1 of the Dungeon.
             The game lasted 00:00:20 (83 turns).

sircluck the Trooper (Hill Orc Fighter)               Turns: 83, Time: 00:00:21

Health: -1/27      AC:  6    Str: 18    XL:     2   Next: 0%
Magic:  2/2        EV:  9    Int:  8    God:
Gold:   3          SH:  4    Dex: 10    Spells: 1/1 levels left

rFire   . . .      SeeInvis .    a - +0 war axe
rCold   . . .      Faith    .    c - +0 buckler
rNeg    . . .      Spirit   .    b - +0 scale mail
rPois   .          Reflect  .    (no helmet)
rElec   .          Harm     .    (no cloak)
rCorr   .          Rampage  .    (no gloves)
Will    .....                    (no boots) Stlth
                                 (no amulet)
HPRegen 0.24/turn                (no ring)
MPRegen 0.08/turn                (no ring)

@: no status effects
A: no striking features
a: no special abilities


You were on level 1 of the Dungeon.
You visited 1 branch of the dungeon, and saw 1 of its levels.

You collected 3 gold pieces.

Inventory:

Hand Weapons
 a - a +0 war axe (weapon)
Armour
 b - a +0 scale mail (worn)
 c - a +0 buckler (worn)
Potions
 d - a potion of might


   Skills:
 + Level 3.9 Fighting
 + Level 2.9 Axes
 + Level 3.3 Armour
 + Level 3.4 Shields


You had one spell level left.
You didn't know any spells.
Your spell library was empty.

Dungeon Overview and Level Annotations

Branches:
Dungeon (1/15)

Altars:


Message History

A goblin comes into view. It is wielding a +0 dagger.
The goblin shouts!
You hit the withered plant.
The withered plant is lightly damaged.
You slash the withered plant! You hit the withered plant. You hit the jackal.
You kill the jackal!
You slash the jackal!
You kill the jackal!
You closely miss the jackal.
The withered plant crumbles away. x3
The jackal bites you. The giant cockroach bites you. The jackal bites you.
The hobgoblin attacks as you move away! You block the hobgoblin's attack.
The giant cockroach attacks as you move away!
The giant cockroach bites you but does no damage.
You hit the withered plant.
The withered plant begins to crumble.
The withered plant is lightly damaged.
You hit the giant cockroach. You closely miss the jackal. The jackal bites you.
The giant cockroach bites you but does no damage.
The jackal barely misses you. The giant cockroach closely misses you.
Okay, then.
You are too injured to fight recklessly!
You are too injured to fight recklessly!
You are too injured to fight recklessly!
You are too injured to fight recklessly!
You are too injured to fight recklessly!
You are too injured to fight recklessly!
You are too injured to fight recklessly!
You slash the giant cockroach!
You kill the giant cockroach!
You closely miss the goblin. You barely miss the jackal.
You slash the withered plant! The jackal closely misses you.
The goblin hits you with a +0 dagger. The jackal closely misses you.
The goblin hits you but does no damage. The hobgoblin hits you with a +0 mace!
* * * LOW HITPOINT WARNING * * *
You have reached level 2!
The jackal misses you.
A goblin comes into view. It is wielding a +0 dagger.
The hobgoblin hits you but does no damage.
The goblin shouts!
The withered plant crumbles away.
The jackal bites you.
You die...

.. #..P..#.....#=##
...# .P.P..........#
..... ♣♣♣.P...♣.....#
.....P♣...........#.#
.....g...)....∩.....#
...#....∩.....<.....#
##...............#
......P...hg♣8♣.......
..#####...@.g♣.........
.. ##......P.....##. .
##...P♣........
##...P.......).
#...P....####.
#.!....>... #......#.##
########.#


You could see a jackal, a hobgoblin and 2 goblins.

Vanquished Creatures
  A giant cockroach (D:1)
  3 jackals (D:1)
  A ball python (D:1)
  A kobold (D:1)
6 creatures vanquished.

Vanquished Creatures (others)
  26 withered plants (D:1)
26 creatures vanquished.

Grand Total: 32 creatures vanquished

Notes
Turn   | Place    | Note
-------+----------+-------------------------------------------
     0 | D:1      | sircluck the Hill Orc Fighter began the quest for the Orb.
     0 | D:1      | Reached XP level 1. HP: 19/19 MP: 1/1
    81 | D:1      | HP: 1/20 [hobgoblin/+0 mace (7)]
    82 | D:1      | Reached XP level 2. HP: 1/27 MP: 2/2
    83 | D:1      | Slain by a jackal

Illustrated notes

Levels and vault maps discovered:
D:1:      spicycebolla_arrival_clurvy, layout_basic, serial_curves,
          eino_curves_04, eino_curves_03, serial_bayou_pond_e,
          amcnicky_mini_rare_corridor_liquid

Action                     || total
---------------------------++-------
  Melee: War axe           ||    45
 Armour: Scale mail        ||    18
  Dodge: Dodged            ||    14
  Block: Buckler           ||    11

Table legend: (Time is in decaauts)
 A = Elapsed time spent in this place.
 B = Non-inter-level travel time spent in this place.
 C = Inter-level travel time spent in this place.
 D = Time resting spent in this place.
 E = Time spent auto-exploring this place.
 F = Levels seen in this place.
 G = Mean time per level.
                   A        B        C        D        E       F      G
               +--------+--------+--------+--------+--------+-----+--------+
         Total |    100 |    100 |      0 |      0 |      0 |   1 |  100.0 |
       Dungeon |    100 |    100 |      0 |      0 |      0 |   1 |  100.0 |
               +--------+--------+--------+--------+--------+-----+--------+

Top non-repeatable levels by time:
     D:1: 100 daAuts
